Map: Abiogenesis LE

Players

Caxeno - Winner!

  • Race: Zerg Zerg
  • League: Bronze
  • Spawn Location: 11:00

Lenskor

  • Race: Protoss Protoss
  • Spawn Location: 5:00

VOD

Have the link to the VOD?

Description

Time

  • Played on: Feb. 8, 2018, 11:23 p.m.
  • Length: 7:22
Show
View Real Time Build Order
Export as new Build Order

Caxeno Zerg - Winner!

Build Orders: Pool First 

Get SALT Encoding   

  12  0:01  Drone  
  13  0:12  Overlord  
  13  0:17  Drone  
  14  0:28  Extractor, Drone  
  14  0:47  Drone x3  
  17  1:17  Drone  
  17  1:18  Drone  
  19  1:23  Spawning Pool  
  18  1:32  Hatchery  
  17  1:43  Drone x2  
  17  1:44  Drone  
  20  1:55  Overlord  
  20  2:11  Queen  
  20  2:13  Drone  
  23  2:29  Drone  
  24  2:32  Drone  
  25  2:47  Drone x2  
  27  2:54  Queen x2  
  31  3:23  Drone x5  
  31  3:25  Overlord  
  36  3:39  Lair  
  36  3:42  Overlord  
  36  3:51  Zergling x4  
  36  3:52  Zergling x2  
  39  3:59  Hatchery  
  39  4:02  Zergling x4  
  40  4:04  Metabolic Boost  
  40  4:06  Zergling x6  
  40  4:08  Overlord  
  43  4:10  Drone x4  
  47  4:25  Drone x2  
  49  4:39  Zergling x2  
  49  4:40  Zergling x2  
  51  4:45  Drone  
  51  4:46  Drone  
  53  5:07  Zergling x10, Evolution Chamber  
  53  5:08  Zergling x6  
  53  5:09  Overlord x2  
  53  5:10  Evolution Chamber  
  52  5:50  Zergling x14  
  52  5:51  Zergling x4  
  60  6:18  Spore Crawler x2  
  59  6:20  Spore Crawler  
  59  6:22  Spore Crawler  
  56  6:31  Spore Crawler  
  56  6:32  Spore Crawler  
  52  6:35  Spore Crawler  
  49  6:53  Zergling x2  
  49  6:54  Zergling x12  
  53  6:55  Zergling x4  
Show
View Real Time Build Order
Export as new Build Order

Lenskor Protoss 

Build Orders: 1 Gate Expand 

Get SALT Encoding   

  12  0:01  Probe  
  13  0:13  Probe  
  14  0:20  Pylon  
  14  0:25  Probe  
  15  0:40  Gateway  
  15  0:43  Probe  
  16  0:55  Probe  
  17  1:02  Assimilator  
  17  1:07  Probe  
  18  1:26  Nexus  
  18  1:33  Cybernetics Core  
  18  1:37  Probe  
  19  1:49  Probe  
  20  2:01  Probe  
  20  2:03  Assimilator  
  21  2:10  Warp Gate (Chrono Boost)  
  21  2:13  Probe  
  22  2:26  Pylon  
  22  2:37  Adept (Chrono Boost)  
  24  2:55  Probe  
  24  2:57  Adept (Chrono Boost)  
  27  3:07  Probe  
  28  3:20  Probe  
  28  3:29  Probe  
  28  3:32  Probe  
  30  3:47  Pylon  
  30  3:53  Stargate  
  32  4:03  Probe x2  
  32  4:15  Probe  
  32  4:16  Probe  
  34  4:24  Adept  
  34  4:27  Probe  
  34  4:28  Probe  
  38  4:35  Oracle (Chrono Boost)  
  38  4:40  Probe  
  42  4:51  Pylon  
  42  4:52  Pylon, Probe  
  43  4:54  Probe  
  44  5:02  Assimilator  
  44  5:04  Probe  
  44  5:06  Assimilator, Probe  
  46  5:08  Phoenix (Chrono Boost)  
  48  5:16  Probe  
  49  5:34  Adept  
  44  5:56  Adept  
  46  6:05  Probe  
  46  6:06  Probe  
  48  6:17  Probe, Robotics Facility  
  48  6:18  Probe  
  50  6:23  Adept  
  50  6:30  Probe x2  
  32  6:43  Adept  
  29  7:06  Adept  
Tags
 
Add a new tag
Caveats
  • Supply blocks, unpowered buildings, or Contaminate may cause inaccurate times.
  • Supply counts are checked every 10 seconds.